 Dungeon Crawl Stone Soup version 0.28.0-49-g6dfe1f597d (webtiles) character file.

Game seed: 16680956912922920689

38 GigaChad the Shield-Bearer (level 3, -6/33 HPs)
             Began as a Minotaur Fighter on May 11, 2022.
             Was a Follower of Zin.
             Mangled by a gnoll
             ... wielding a +0 flail of draining
              (11 damage)
             ... on level 2 of the Dungeon.
             The game lasted 00:02:05 (2007 turns).

GigaChad the Shield-Bearer (Minotaur Fighter)       Turns: 2007, Time: 00:02:05

Health: -6/33      AC:  7    Str: 20    XL:     3   Next: 25%
Magic:  2/2        EV:  9    Int:  5    God:    Zin [*.....]
Gold:   33         SH:  4    Dex: 11    Spells: 2/2 levels left

rFire   . . .      SeeInvis .   a - +0 long sword
rCold   . . .      Faith    .   c - +0 buckler
rNeg    . . .      Spirit   .   b - +0 scale mail
rPois   .          Reflect  .   (helmet restricted)
rElec   .          Harm     .   (no cloak)
rCorr   .          Rampage  .   (no gloves)
Will    .....                   (no boots)
Stlth   ..........              (no amulet)
HPRegen 0.11/turn               (no ring)
MPRegen 0.08/turn               (no ring)

@: lethally poisoned (-6 -> -28)
A: horns 2, retaliatory headbutt
a: Renounce Religion, Recite, Donate Gold


You were on level 2 of the Dungeon.
You worshipped Zin.
Zin was aware of your devotion.
You visited 1 branch of the dungeon, and saw 2 of its levels.

You collected 36 gold pieces.
You donated 3 gold pieces to Zin.

Inventory:

Hand Weapons
 a - a +0 long sword (weapon)
Missiles
 e - a throwing net (quivered)
Armour
 b - a +0 scale mail (worn)
 c - a +0 buckler (worn)
 f - an orb of guile
Scrolls
 h - a scroll of torment {unknown}
 i - a scroll of silence {unknown}
Potions
 d - 2 potions of might
 g - a potion of degeneration {unknown}


   Skills:
 + Level 4.0 Fighting
 + Level 2.6 Long Blades
 + Level 4.2 Armour
 + Level 0.1 Dodging
 + Level 4.3 Shields


You had 2 spell levels left.
You didn't know any spells.
Your spell library was empty.

Dungeon Overview and Level Annotations

Branches:
Dungeon (2/15)

Altars:
Wu Jian
Zin


Innate Abilities, Weirdness & Mutations

You have a pair of horns on your head.
You reflexively headbutt those who attack you in melee.


Message History

A hobgoblin comes into view.
You hit the hobgoblin.
The hobgoblin is moderately wounded.
The hobgoblin hits you.
You barely miss the hobgoblin. You headbutt the hobgoblin.
The hobgoblin is heavily wounded.
You block the hobgoblin's attack.
You closely miss the hobgoblin. You headbutt the hobgoblin.
You kill the hobgoblin!
You closely miss the hobgoblin. Your headbutt misses the hobgoblin.
The hobgoblin hits you but does no damage.
You barely miss the hobgoblin. The hobgoblin closely misses you.
You slash the hobgoblin!
You kill the hobgoblin!
You see here a hobgoblin corpse.
You open the door.
A gnoll comes into view.
It is wielding a +2 spear of venom. 2 gnolls come into view.
A gnoll is wielding a +0 flail of draining.
The gnoll shouts! x2
The gnoll throws a throwing net.
The throwing net hits you.
You become entangled in the net!
The gnoll barely misses you.
There is an open door here.
You see here a throwing net.
You struggle against the net.
The gnoll barely misses you.
You tear a large gash into the net.
The gnoll hits you with a +2 spear of venom.
You are poisoned.
You shred the net and break free!
You feel very sick.
The gnoll hits you from afar with a +0 spear.
The gnoll hits you with a +2 spear of venom.
You are more poisoned.
You feel very sick.
The gnoll hits you from afar with a +2 spear of venom.
You are more poisoned.
* * * LOW HITPOINT WARNING * * *
You feel very sick.
The gnoll hits you with a +0 flail of draining!
You die...

#........#....)..#
#.
#........#.......#
##
#####...##...#####
#####...#####
#...#...#
#...#.### #...#.#
#.g.#.# #...#@#
+..gg.# #...###
#... ####


You could see 2 gnolls.

Vanquished Creatures
  2 adders (D:2)
  A dart slug (D:2)
  2 ball pythons (D:1)
  A bat (D:2)
  A goblin (D:1)
  4 hobgoblins
  3 jackals (D:1)
  A frilled lizard (D:1)
  A kobold (D:1)
  A rat (D:1)
17 creatures vanquished.

Notes
Turn   | Place    | Note
-------+----------+-------------------------------------------
     0 | D:1      | GigaChad the Minotaur Fighter began the quest for the Orb.
     0 | D:1      | Reached XP level 1. HP: 19/19 MP: 0/0
   931 | D:1      | Reached XP level 2. HP: 27/27 MP: 1/1
  1026 | D:1      | Found a faded altar of an unknown god.
  1038 | D:1      | Prayed at the altar of an unknown god.
  1038 | D:1      | Became a worshipper of Zin the Law-Giver
  1038 | D:1      | Reached * piety under Zin
  1373 | D:2      | Reached XP level 3. HP: 11/33 MP: 2/2
  1950 | D:2      | Found an ornate altar of the Wu Jian Council.
  2007 | D:2      | Mangled by a gnoll

Illustrated notes

Levels and vault maps discovered:
D:1:      amcnicky_arrival_choice, layout_basic,
          hellmonk_ecumenical_altar_zigzags
D:2:      layout_basic, basic_altar

Skill      XL: |  1  2 |
---------------+-------+-----
Shields        | 4 |  4.3
Fighting       | 4 |  4.0
Armour         | 4 |  4.2
Long Blades    | |  2.6
Dodging        | |  0.1

Action                   || total
-------------------------++-------
Melee: Long sword        ||    50
       Headbutt          ||     6
Armor: Scale mail        ||    34
Dodge: Dodged            ||    38
Block: Buckler           ||    11
